 Dungeon Crawl Stone Soup version 0.28.0 (webtiles) character file.

Game seed: 7737796236737418414

266 Sanktem7 the Skirmisher (level 6, -2/56 HPs)
             Began as a Minotaur Fighter on Feb 12, 2022.
             Slain by a hornet (10 damage)
             ... on level 4 of the Dungeon.
             The game lasted 00:04:36 (2372 turns).

Sanktem7 the Skirmisher (Minotaur Fighter)          Turns: 2372, Time: 00:04:36

Health: -2/56      AC:  8    Str: 23    XL:     6   Next: 0%
Magic:  5/5        EV:  9    Int:  5    God:
Gold:   160        SH:  4    Dex:  9    Spells: 5/5 levels left

rFire   . . .      SeeInvis .   a - +0 war axe
rCold   . . .      Faith    .   c - +0 buckler
rNeg    . . .      Spirit   .   b - +0 scale mail
rPois   .          Reflect  .   (helmet restricted)
rElec   .          Harm     .   e - +0 cloak
rCorr   .          Rampage  .   (no gloves)
Will    .....                   (no boots)
Stlth   ..........              (no amulet)
HPRegen 0.18/turn               (no ring)
MPRegen 0.09/turn               (no ring)

@: lethally poisoned (-2 -> -4), slowed, very slow
A: horns 2, retaliatory headbutt
a: no special abilities


You were on level 4 of the Dungeon.
You visited 1 branch of the dungeon, and saw 4 of its levels.

You collected 160 gold pieces.

Inventory:

Hand Weapons
 a - a +0 war axe (weapon)
Armour
 b - a +0 scale mail (worn)
 c - a +0 buckler (worn)
 e - a +0 cloak (worn)
Jewellery
 p - a ring of positive energy
Wands
 h - a wand of flame (38)
Scrolls
 i - a scroll of teleportation
Potions
 d - a potion of might
 f - 3 potions of curing
 k - a potion of resistance {unknown}
 m - a potion of degeneration {unknown}
 n - a potion of berserk rage {unknown}


   Skills:
 * Level 5.3 Fighting
 * Level 5.2 Axes
 * Level 5.1 Armour
 + Level 0.9 Dodging
 - Level 3.6 Shields


You had 5 spell levels left.
You didn't know any spells.
Your spell library was empty.

Dungeon Overview and Level Annotations

Branches:
Dungeon (4/15)
 Temple: D:4-7

Altars:

Shops:
D:3 (


Innate Abilities, Weirdness & Mutations

You have a pair of horns on your head.
You reflexively headbutt those who attack you in melee.


Message History

You now have 160 gold pieces (gained 8).
A hornet comes into view.
The hornet buzzes angrily.
The hornet stings you.
You are poisoned.
You feel yourself slow down. The hornet stings you.
You are more poisoned.
You feel as though you will be slow longer.
You closely miss the hornet. You headbutt the hornet.
The hornet is lightly wounded.
You feel extremely sick. The hornet stings you.
You feel as though you will be slow longer.
The hornet stings you but does no damage.
The hornet stings you.
You feel as though you will be slow longer.
You hit the hornet. Your headbutt misses the hornet.
The hornet is moderately wounded.
You feel very sick. You block the hornet's attack.
The hornet closely misses you. You furiously retaliate!
You headbutt the hornet, but do no damage.
You block the hornet's attack.
You closely miss the hornet.
The hornet is moderately wounded.
You feel very sick. The hornet barely misses you.
You block the hornet's attack.
You barely miss the hornet.
The hornet is moderately wounded.
You feel sick. The hornet barely misses you. The hornet stings you.
* * * LOW HITPOINT WARNING * * *
You feel as though you will be slow longer.
The hornet stings you.
* * * LOW HITPOINT WARNING * * *
You feel as though you will be slow longer.
The hornet stings you but does no damage.
You barely miss the hornet.
The hornet is moderately wounded.
You feel sick. The hornet stings you!
You die...

# ####### .#
....... .#.......
....... #....
#y.# #@## #..###
#...<# #.##.## ##
#.##..### #.
..##....### #.
..#.#......## #.
..#..#.......# #.
..#...........###
##.


You could see a hornet.

Vanquished Creatures
  A centaur (D:3)
  A water moccasin skeleton (D:4)
  Natasha (thrice) (D:2)
  An adder (D:2)
  An adder skeleton (D:4)
  2 worms
  A dart slug (D:4)
  7 ball pythons
  2 bats
  4 endoplasms
  3 giant cockroaches
  3 goblins
  3 hobgoblins
  5 kobolds
  A quokka (D:2)
  10 frilled lizards
  6 rats
54 creatures vanquished.

Notes
Turn   | Place    | Note
-------+----------+-------------------------------------------
     0 | D:1      | Sanktem7 the Minotaur Fighter began the quest for the Orb.
     0 | D:1      | Reached XP level 1. HP: 19/19 MP: 0/0
    37 | D:1      | Reached XP level 2. HP: 7/27 MP: 1/1
   287 | D:1      | You fall into a shaft and drop 1 floor!
   301 | D:2      | Noticed Natasha
   314 | D:2      | Killed Natasha
   315 | D:2      | Reached XP level 3. HP: 21/34 MP: 2/2
   521 | D:2      | Found a faded altar of an unknown god.
   893 | D:2      | Noticed Natasha
   904 | D:2      | Killed Natasha
   905 | D:2      | Reached XP level 4. HP: 33/41 MP: 3/3
   996 | D:2      | Noticed Natasha
  1003 | D:2      | Killed Natasha
  1681 | D:3      | Identified the +0 leather armour of the Known World
                  | {*Corrode rPois rF+}
  1859 | D:3      | Found Otimp's Weapon Shoppe.
  1976 | D:3      | Noticed a centaur
  1980 | D:3      | Killed a centaur
  1981 | D:3      | Reached skill level 5 in Fighting
  1981 | D:3      | Reached XP level 5. HP: 38/48 MP: 4/4
  2156 | D:4      | Reached skill level 5 in Axes
  2156 | D:4      | Reached skill level 5 in Armour
  2336 | D:4      | Reached XP level 6. HP: 54/56 MP: 5/5
  2365 | D:4      | Noticed a hornet
  2372 | D:4      | Slain by a hornet

Illustrated notes

Levels and vault maps discovered:
D:1:      saegor_arrival_simple_b, layout_rooms, serial_glass, glass_columns_a,
          glass_columns_a, minmay_lizard_pond
D:2:      layout_basic, dreamdust_ecumenical_altar_statues, uniq_natasha
D:3:      layout_loops_cross, serial_shops, nicolae_shop_advertising_works
          [nicolae_subvault_shop_adworks]
D:4:      layout_rooms, hangedman_abyss_or_decor_slice, minmay_misc_feat_alley,
          nicolae_concentric_dashed_squares_wild, uniq_eustachio

Skill      XL: |  1  2  3  4  5 |
---------------+----------------+-----
Fighting       | 4 5 |  5.3
Armour         | 4 5 |  5.1
Axes           | 3 4 5 |  5.2
Dodging        | |  0.9
Shields        | |  3.6

Action                   |  1- 3 |  4- 6 || total
-------------------------+-------+-------++-------
Melee: War axe           |    67 |    74 ||   141
       Headbutt          |     4 |     9 ||    13
  Use: Scroll            |       |     5 ||     5
Armor: Scale mail        |    26 |    37 ||    63
Dodge: Dodged            |    43 |    32 ||    75
Block: Buckler           |    13 |    12 ||    25
